TOP OF THE 1ST |
Kentucky Wildcats batting - Pitching for Indiana Hoosiers : RHP Oliver Kline
|
Pitching: RHP Oliver Kline
|
|
Batting: RHB Lewis Childress
|
0-0: Ball 1-0: Ball 2-0: Ball 3-0: Called Strike 3-1: Base on Balls
|
Batting: SHB Eduardo Luna
|
0-0: Called Strike Lewis Childress steals 2nd base 0-1: Called Strike 0-2: Foul Ball, location: 2F 0-2: Ball 1-2: Reached on error, E3 (Groundball, 34) Lewis Childress scores
|
Batting: LHB Mark Sanders
|
0-0: Ball 1-0: Ball 2-0: Called Strike 2-1: Called Strike 2-2: Foul Ball, location: 2F 2-2: Fly out, F7 (Flyball, 7S)
|
Batting: RHB Pat Johnston
|
0-0: Ball 1-0: Single, Error in OF, E8, batter to second base Eduardo Luna scores
|
Batting: RHB Jacob Burke
|
0-0: Ball 1-0: Called Strike 1-1: Foul Ball, location: 2F 1-2: Ground out 5-3 (Groundball, 56)
|
Batting: RHB Haywood Young
|
0-0: Called Strike 0-1: Ball 1-1: Ball 2-1: Called Strike 2-2: Strikes out swinging
|
Top of the 1st over - 2 run(s), 1 hit(s), 2 error(s), 1 left on base; Kentucky 2 - Indiana 0 |
BOTTOM OF THE 1ST |
Indiana Hoosiers batting - Pitching for Kentucky Wildcats : RHP Adam Parker
|
Pitching: RHP Adam Parker
|
|
Batting: LHB Michael Hanson
|
0-0: SINGLE (Line Drive, 6MD)
|
Batting: RHB Chris Wilson
|
0-0: Foul Ball, location: 2F 0-1: Ball 1-1: Fly out, F7 (Flyball, 7LMF)
|
Batting: RHB Phil Martin
|
0-0: Ball 1-0: Called Strike 1-1: Ball 2-1: Ball 3-1: Fly out, F7 (Flyball, 78S)
|
Batting: RHB Palmer Frazier
|
0-0: Called Strike Michael Hanson steals 2nd base 0-1: Swinging Strike 0-2: Foul Ball, location: 2F 0-2: Ball 1-2: Foul Ball, location: 2F 1-2: Ball 2-2: Foul Ball, location: 2F 2-2: Ball 3-2: Strikes out swinging
|
Bottom of the 1st over - 0 run(s), 1 hit(s), 0 error(s), 1 left on base; Kentucky 2 - Indiana 0 |
TOP OF THE 2ND |
Kentucky Wildcats batting - Pitching for Indiana Hoosiers : RHP Oliver Kline
|
Batting: LHB Matt Taylor
|
0-0: Foul Ball, location: 2F 0-1: Ball 1-1: SOLO HOME RUN (Flyball, 9LD), Distance : 339 ft
|
Batting: SHB Russ Beasley
|
0-0: Ball 1-0: Ball 2-0: Called Strike 2-1: Ball 3-1: Foul Ball, location: 2F 3-2: Foul Ball, location: 2F 3-2: Base on Balls
|
Batting: RHB Johnny Carson
|
0-0: Called Strike Throwing error on steal attempt, E2 Russ Beasley to third 0-1: Ball 1-1: Called Strike 1-2: SINGLE (Groundball, 56D) Russ Beasley scores
|
Batting: RHB Lewis Childress
|
0-0: Foul Ball, location: 2F 0-1: Foul Ball, location: 2F 0-2: Strikes out looking
|
Batting: SHB Eduardo Luna
|
0-0: Foul Ball, location: 2F 0-1: Swinging Strike 0-2: Ball 1-2: Ball 2-2: Ball 3-2: Strikes out swinging
|
Batting: LHB Mark Sanders
|
Balk! Johnny Carson to second 0-0: Ball 1-0: Foul Ball, location: 2F 1-1: Swinging Strike 1-2: Ball 2-2: Ground out 3-1 (Groundball, 34S)
|
Top of the 2nd over - 2 run(s), 2 hit(s), 1 error(s), 1 left on base; Kentucky 4 - Indiana 0 |
BOTTOM OF THE 2ND |
Indiana Hoosiers batting - Pitching for Kentucky Wildcats : RHP Adam Parker
|
Batting: RHB Frank Reed
|
0-0: Fly out, F2 (Popup, 2R)
|
Batting: RHB Justin López
|
0-0: Ball 1-0: Called Strike 1-1: Foul Ball, location: 2F 1-2: Ball 2-2: Strikes out swinging
|
Batting: RHB Patrick McNight
|
0-0: Called Strike 0-1: Called Strike 0-2: Foul Ball, location: 2F 0-2: Strikes out looking
|
Bottom of the 2nd over - 0 run(s), 0 hit(s), 0 error(s), 0 left on base; Kentucky 4 - Indiana 0 |
TOP OF THE 3RD |
Kentucky Wildcats batting - Pitching for Indiana Hoosiers : RHP Oliver Kline
|
Batting: RHB Pat Johnston
|
0-0: Foul Ball, location: 2F 0-1: SINGLE (Groundball, 56S) (infield hit)
|
Batting: RHB Jacob Burke
|
0-0: Ball Pat Johnston steals 2nd base 1-0: Called Strike 1-1: SINGLE (Flyball, 7LS) Pat Johnston to third
|
Batting: RHB Haywood Young
|
0-0: Foul Ball, location: 2F 0-1: Swinging Strike 0-2: Ball 1-2: Strikes out looking
|
Batting: LHB Matt Taylor
|
0-0: Called Strike 0-1: Ball 1-1: Foul Ball, location: 2F 1-2: Foul Ball, location: 2F 1-2: Ground out 4-3 (Groundball, 34) Pat Johnston scores Jacob Burke to second
|
Batting: SHB Russ Beasley
|
0-0: Swinging Strike 0-1: Foul Ball, location: 2F 0-2: Ball 1-2: Strikes out swinging
|
Top of the 3rd over - 1 run(s), 2 hit(s), 0 error(s), 1 left on base; Kentucky 5 - Indiana 0 |
BOTTOM OF THE 3RD |
Indiana Hoosiers batting - Pitching for Kentucky Wildcats : RHP Adam Parker
|
Batting: RHB Luis Marquis
|
0-0: Ball 1-0: Ball 2-0: Foul Ball, location: 2F 2-1: Swinging Strike 2-2: Strikes out looking
|
Batting: RHB Kevin Hale
|
0-0: Called Strike 0-1: Hit by Pitch
|
Batting: LHB Michael Hanson
|
0-0: Hit by Pitch Kevin Hale to second
|
Batting: RHB Chris Wilson
|
0-0: Ball 1-0: Called Strike 1-1: Swinging Strike 1-2: Ball 2-2: Foul Ball, location: 2F 2-2: Foul Ball, location: 2F 2-2: Strikes out swinging
|
Batting: RHB Phil Martin
|
0-0: Foul Ball, location: 2F 0-1: Called Strike 0-2: Foul Ball, location: 2F 0-2: Ball 1-2: Strikes out swinging
|
Bottom of the 3rd over - 0 run(s), 0 hit(s), 0 error(s), 2 left on base; Kentucky 5 - Indiana 0 |
TOP OF THE 4TH |
Kentucky Wildcats batting - Pitching for Indiana Hoosiers : RHP Oliver Kline
|
Batting: RHB Johnny Carson
|
0-0: Ball 1-0: Ball 2-0: Ball 3-0: Called Strike 3-1: Foul Ball, location: 2F 3-2: SINGLE (Flyball, 9LM)
|
Batting: RHB Lewis Childress
|
0-0: Ball 1-0: SINGLE (Groundball, 56) (infield hit) Johnny Carson to second
|
Pitching: RHP Evan Moore
|
|
Batting: SHB Eduardo Luna
|
0-0: Foul Ball, location: 2F 0-1: Fly out, F7 (Flyball, 7)
|
Batting: LHB Mark Sanders
|
0-0: Called Strike 0-1: Ball 1-1: Fly out, F4 (Line Drive, 4)
|
Batting: RHB Pat Johnston
|
0-0: Ball 1-0: Ball 2-0: Reached on error, E5 (Groundball, 56) Johnny Carson to third Lewis Childress to second
|
Batting: RHB Jacob Burke
|
0-0: Ball 1-0: SINGLE (Groundball, 56S) (infield hit) Johnny Carson scores Lewis Childress to third Pat Johnston to second
|
Batting: RHB Haywood Young
|
0-0: Called Strike 0-1: Ground out U3 (Groundball, 3L)
|
Top of the 4th over - 1 run(s), 3 hit(s), 1 error(s), 3 left on base; Kentucky 6 - Indiana 0 |
BOTTOM OF THE 4TH |
Indiana Hoosiers batting - Pitching for Kentucky Wildcats : RHP Adam Parker
|
Batting: RHB Palmer Frazier
|
0-0: Called Strike 0-1: Foul Ball, location: 2F 0-2: Ball 1-2: Foul Ball, location: 2F 1-2: Strikes out swinging
|
Batting: RHB Frank Reed
|
0-0: Ball 1-0: Ground out U3 (Groundball, 3)
|
Batting: RHB Justin López
|
0-0: SINGLE (Groundball, 56D)
|
Batting: RHB Patrick McNight
|
0-0: Called Strike 0-1: Ground out 1-3 (Groundball, 13)
|
Bottom of the 4th over - 0 run(s), 1 hit(s), 0 error(s), 1 left on base; Kentucky 6 - Indiana 0 |
TOP OF THE 5TH |
Kentucky Wildcats batting - Pitching for Indiana Hoosiers : RHP Evan Moore
|
Batting: LHB Matt Taylor
|
0-0: Foul Ball, location: 2F 0-1: Ball 1-1: Fly out, F4 (Popup, 4D)
|
Batting: SHB Russ Beasley
|
0-0: Called Strike 0-1: Ball 1-1: Ground out 3-1 (Groundball, 34)
|
Batting: RHB Johnny Carson
|
0-0: Ball 1-0: Ball 2-0: Foul Ball, location: 2F 2-1: Ball 3-1: Foul Ball, location: 2F 3-2: Strikes out swinging
|
Top of the 5th over - 0 run(s), 0 hit(s), 0 error(s), 0 left on base; Kentucky 6 - Indiana 0 |
BOTTOM OF THE 5TH |
Indiana Hoosiers batting - Pitching for Kentucky Wildcats : RHP Adam Parker
|
Batting: RHB Luis Marquis
|
0-0: Called Strike 0-1: Reached on error, E6 (Groundball, 6)
|
Batting: RHB Kevin Hale
|
0-0: Ball Wild Pitch! Luis Marquis to second 1-0: Called Strike 1-1: Foul Ball, location: 2F 1-2: Ball 2-2: Ground out 6-3 (Groundball, 6D)
|
Batting: LHB Michael Hanson
|
0-0: Called Strike 0-1: Ball 1-1: Ground out 5-3 (Groundball, 56)
|
Batting: RHB Chris Wilson
|
0-0: Foul Ball, location: 2F 0-1: Ball 1-1: Foul Ball, location: 2F 1-2: Fly out, F5 (Popup, 5S)
|
Bottom of the 5th over - 0 run(s), 0 hit(s), 1 error(s), 1 left on base; Kentucky 6 - Indiana 0 |
TOP OF THE 6TH |
Kentucky Wildcats batting - Pitching for Indiana Hoosiers : RHP Evan Moore
|
Batting: RHB Lewis Childress
|
0-0: Ball 1-0: Called Strike 1-1: Ball 2-1: Fly out, F5 (Line Drive, 56)
|
Batting: SHB Eduardo Luna
|
0-0: Ball 1-0: Called Strike 1-1: Called Strike 1-2: Foul Ball, location: 2F 1-2: Foul Ball, location: 2F 1-2: Foul Ball, location: 2F 1-2: Ball 2-2: Ball 3-2: Strikes out swinging
|
Batting: LHB Mark Sanders
|
0-0: Swinging Strike 0-1: Called Strike 0-2: Strikes out looking
|
Top of the 6th over - 0 run(s), 0 hit(s), 0 error(s), 0 left on base; Kentucky 6 - Indiana 0 |
BOTTOM OF THE 6TH |
Indiana Hoosiers batting - Pitching for Kentucky Wildcats : RHP Adam Parker
|
Batting: RHB Phil Martin
|
0-0: Called Strike 0-1: Called Strike 0-2: Ball 1-2: Strikes out looking
|
Batting: RHB Palmer Frazier
|
0-0: Called Strike 0-1: Ball 1-1: Foul Ball, location: 2F 1-2: Ball 2-2: Fly out, F8 (Flyball, 8RD)
|
Batting: RHB Frank Reed
|
0-0: Ground out 4-3 (Groundball, 4)
|
Bottom of the 6th over - 0 run(s), 0 hit(s), 0 error(s), 0 left on base; Kentucky 6 - Indiana 0 |
TOP OF THE 7TH |
Kentucky Wildcats batting - Pitching for Indiana Hoosiers : RHP Evan Moore
|
Batting: RHB Pat Johnston
|
0-0: Called Strike 0-1: Ball 1-1: Called Strike 1-2: Ball 2-2: Ball 3-2: Foul Ball, location: 2F 3-2: Foul Ball, location: 2F 3-2: Foul Ball, location: 2F 3-2: Strikes out swinging
|
Batting: RHB Jacob Burke
|
0-0: Called Strike 0-1: DOUBLE (Line Drive, 78D)
|
Pitching: RHP Manny Vargas
|
|
Batting: RHB Haywood Young
|
0-0: Ball 1-0: Ball 2-0: Called Strike 2-1: Swinging Strike 2-2: Strikes out looking
|
Batting: LHB Matt Taylor
|
0-0: Called Strike 0-1: Ball 1-1: Ball 2-1: Ground out 4-3 (Groundball, 4M)
|
Top of the 7th over - 0 run(s), 1 hit(s), 0 error(s), 1 left on base; Kentucky 6 - Indiana 0 |
BOTTOM OF THE 7TH |
Indiana Hoosiers batting - Pitching for Kentucky Wildcats : RHP Adam Parker
|
Pitching: RHP Harold Mullen
|
|
Batting: RHB Justin López
|
0-0: Ball 1-0: Ball 2-0: Called Strike 2-1: Ball 3-1: Base on Balls
|
Batting: RHB Patrick McNight
|
0-0: Foul Ball, location: 2F 0-1: Called Strike 0-2: Ball 1-2: Ball 2-2: Grounds into double play, 6-4-3 (Groundball, 56)
|
Batting: RHB Luis Marquis
|
0-0: SOLO HOME RUN (Flyball, 9D), Distance : 367 ft
|
Batting: RHB Kevin Hale
|
0-0: Fly out, F9 (Flyball, 9S)
|
Bottom of the 7th over - 1 run(s), 1 hit(s), 0 error(s), 0 left on base; Kentucky 6 - Indiana 1 |
TOP OF THE 8TH |
Kentucky Wildcats batting - Pitching for Indiana Hoosiers : RHP Manny Vargas
|
Batting: SHB Russ Beasley
|
0-0: Ball 1-0: Ball 2-0: Ball 3-0: Base on Balls
|
Batting: RHB Johnny Carson
|
0-0: Ball 1-0: Ball 2-0: Fly out, F7 (Flyball, 78S)
|
Batting: RHB Lewis Childress
|
0-0: Called Strike 0-1: Grounds into double play, 6-4-3 (Groundball, 6)
|
Top of the 8th over - 0 run(s), 0 hit(s), 0 error(s), 0 left on base; Kentucky 6 - Indiana 1 |
BOTTOM OF THE 8TH |
Indiana Hoosiers batting - Pitching for Kentucky Wildcats : RHP Harold Mullen
|
Batting: LHB Michael Hanson
|
0-0: Called Strike 0-1: Foul Ball, location: 2F 0-2: Ball 1-2: Ball 2-2: Ball 3-2: DOUBLE (Line Drive, 7LM)
|
Batting: RHB Chris Wilson
|
0-0: Called Strike 0-1: Swinging Strike 0-2: Ball 1-2: Strikes out swinging
|
Batting: RHB Phil Martin
|
0-0: Ball 1-0: Ball 2-0: Called Strike 2-1: Ball Wild Pitch! Michael Hanson to third 3-1: Foul Ball, location: 2F 3-2: Strikes out swinging
|
Batting: RHB Palmer Frazier
|
0-0: Ball 1-0: Called Strike 1-1: SINGLE (Groundball, 56D) Michael Hanson scores
|
Pitching: LHP John Charles
|
|
Batting: RHB Frank Reed
|
0-0: Ball 1-0: Foul Ball, location: 2F 1-1: Ball 2-1: Foul Ball, location: 2F 2-2: Strikes out looking
|
Bottom of the 8th over - 1 run(s), 2 hit(s), 0 error(s), 1 left on base; Kentucky 6 - Indiana 2 |
TOP OF THE 9TH |
Kentucky Wildcats batting - Pitching for Indiana Hoosiers : RHP Manny Vargas
|
Batting: SHB Eduardo Luna
|
0-0: Called Strike 0-1: Ground out 5-3 (Groundball, 5L)
|
Batting: LHB Mark Sanders
|
0-0: Called Strike 0-1: Foul Ball, location: 2F 0-2: Ball 1-2: Ball 2-2: Strikes out swinging
|
Batting: RHB Pat Johnston
|
0-0: Ball 1-0: Ball 2-0: Ball 3-0: Called Strike 3-1: SINGLE (Groundball, 6D)
|
Batting: RHB Jacob Burke
|
0-0: Swinging Strike 0-1: Foul Ball, location: 2F 0-2: Ball 1-2: Fielders Choice at 2nd, 4-6 (Groundball, 4)
|
Top of the 9th over - 0 run(s), 1 hit(s), 0 error(s), 0 left on base; Kentucky 6 - Indiana 2 |
BOTTOM OF THE 9TH |
Indiana Hoosiers batting - Pitching for Kentucky Wildcats : LHP John Charles
|
Batting: RHB Justin López
|
0-0: Swinging Strike 0-1: Fly out, F7 (Flyball, 78D)
|
Batting: RHB Patrick McNight
|
0-0: Ball 1-0: Foul Ball, location: 2F 1-1: Ball 2-1: SINGLE (Groundball, 56D)
|
Batting: RHB Luis Marquis
|
0-0: Ball 1-0: Ball 2-0: Ball 3-0: Called Strike 3-1: Called Strike 3-2: Strikes out swinging
|
Batting: RHB Kevin Hale
|
0-0: Ball 1-0: Ball 2-0: Ball 3-0: Called Strike 3-1: Base on Balls Patrick McNight to second
|
Pitching: RHP Ron Lambert
|
|
Batting: LHB Michael Hanson
|
0-0: Ball 1-0: Swinging Strike 1-1: Swinging Strike 1-2: Ball 2-2: Strikes out swinging
|
Bottom of the 9th over - 0 run(s), 1 hit(s), 0 error(s), 2 left on base; Kentucky 6 - Indiana 2 |
|